PAAA
SCRANTON SUPERNOVAS @ ALASKAN HUMPBACKS
09/06/2037
 
TOP OF THE 1ST
Scranton Supernovas batting - Pitching for Alaskan Humpbacks : RHP Sasheer Zamata
Pitching: RHP Sasheer Zamata
Batting: LHB Xuan-ling Liao 0-0: Called Strike
0-1: Ball
1-1: Ball
2-1: Ball
3-1: Foul Ball, location: 2F
3-2: Foul Ball, location: 2F
3-2: Strikes out swinging
Batting: RHB Juan Tellado 0-0: Ball
1-0: Foul Ball, location: 2F
1-1: Foul Ball, location: 2F
1-2: Strikes out swinging
Batting: RHB John Willoughby 0-0: Ball
1-0: Swinging Strike
1-1: Ball
2-1: SINGLE (Line Drive, 6MD, EV 97.5 MPH)
Batting: LHB Bryce Abood 0-0: Called Strike
0-1: Ball
1-1: Foul Ball, location: 2F
1-2: Strikes out looking
Top of the 1st over - 0 runs, 1 hit, 0 errors, 1 left on base; Scranton 0 - Alaskan 0
BOTTOM OF THE 1ST
Alaskan Humpbacks batting - Pitching for Scranton Supernovas : RHP Amando Codes
Pitching: RHP Amando Codes
Batting: LHB Dallas Ihde 0-0: Ball
1-0: SINGLE (Line Drive, 7LM, EV 91.9 MPH)
Batting: LHB Pat Pending 0-0: Ball
1-0: DOUBLE (Line Drive, 9LS, EV 112.5 MPH)
Dallas Ihde to third
Runner from 3rd tries for Home, SAFE, throw by RF to trailing runner, SAFE at third!
Batting: LHB Philip Visscher 0-0: SINGLE (Groundball, 6MD, EV 95.0 MPH)
Pat Pending scores
Batting: RHB Kyuso Kouno 0-0: Fly out, F7 (Flyball, 7LMF, EV 107.5 MPH)
Batting: LHB Felipe Soto 0-0: Called Strike
0-1: Called Strike
0-2: Ball
1-2: Ball
2-2: Ball
3-2: Base on Balls
Philip Visscher to second
Batting: LHB Roberts Hamhock 0-0: Called Strike
0-1: Ball
1-1: Foul Ball, location: 2F
1-2: Ball
2-2: Strikes out swinging
Batting: LHB Shohei Otani 0-0: Ball
1-0: Called Strike
1-1: Ground out 4-3 (Groundball, 4, EV 84.4 MPH)
Bottom of the 1st over - 2 runs, 3 hits, 0 errors, 2 left on base; Scranton 0 - Alaskan 2
TOP OF THE 2ND
Scranton Supernovas batting - Pitching for Alaskan Humpbacks : RHP Sasheer Zamata
Batting: LHB Scotty Mitchell 0-0: Called Strike
0-1: Ball
1-1: Ball
2-1: Fly out, F7 (Flyball, 7D, EV 96.2 MPH)
Batting: LHB Chase Popoff 0-0: Ball
1-0: SOLO HOME RUN (Line Drive, 89XD, EV 95.0 MPH), Distance : 429 ft
Batting: RHB Mike Pate 0-0: Ball
1-0: Foul Ball, location: 2F
1-1: Fly out, F9 (Flyball, 9S, EV 79.4 MPH)
Batting: RHB Jeff Quesenberry 0-0: Ball
1-0: Ball
2-0: SINGLE (Line Drive, 78S, EV 103.1 MPH)
Batting: LHB Toyokazu Oshima 0-0: Ball
1-0: Foul Ball, location: 2F
1-1: Ball
2-1: Ball
3-1: Called Strike
3-2: Fly out, F7 (Flyball, 7, EV 90.6 MPH)
Top of the 2nd over - 1 run, 2 hits, 0 errors, 1 left on base; Scranton 1 - Alaskan 2
BOTTOM OF THE 2ND
Alaskan Humpbacks batting - Pitching for Scranton Supernovas : RHP Amando Codes
Batting: RHB José Torres 0-0: Ball
1-0: Ball
2-0: Foul Ball, location: 2F
2-1: Foul Ball, location: 2F
2-2: Ball
3-2: DOUBLE (Groundball, 5L, EV 96.2 MPH)
Batting: RHB Luke Thornton 0-0: Ball
1-0: Ball
2-0: Foul Ball, location: 2F
2-1: Ball
3-1: SINGLE (Flyball, 9LS, EV 97.5 MPH)
José Torres to third
Batting: LHB Dallas Ihde 0-0: Ball
1-0: Fly out, F7 (Flyball, 7S, EV 85.6 MPH)
Batting: LHB Pat Pending 0-0: Ball
1-0: Fly out, F9 (Flyball, 9LM, EV 90.6 MPH)
Runner from 3rd tags up, SCORES, throw by RF
Batting: LHB Philip Visscher 0-0: Ball
1-0: Ball
2-0: Swinging Strike
2-1: Foul Ball, location: 2F
2-2: Foul Ball, location: 2F
2-2: Ball
3-2: Foul Ball, location: 2F
3-2: Strikes out swinging
Bottom of the 2nd over - 1 run, 2 hits, 0 errors, 1 left on base; Scranton 1 - Alaskan 3
TOP OF THE 3RD
Scranton Supernovas batting - Pitching for Alaskan Humpbacks : RHP Sasheer Zamata
Batting: LHB Xuan-ling Liao 0-0: Called Strike
0-1: Ball
1-1: Fly out, F9 (Flyball, 9S, EV 90.6 MPH)
Batting: RHB Juan Tellado 0-0: Swinging Strike
0-1: Ball
1-1: Swinging Strike
1-2: Ground out 4-3 (Groundball, 4, EV 110.0 MPH)
Batting: RHB John Willoughby 0-0: SINGLE (Groundball, 56D, EV 103.8 MPH)
Batting: LHB Bryce Abood 0-0: Reached on error, E4 (Groundball, 34, EV 104.4 MPH)
John Willoughby to second
Batting: LHB Scotty Mitchell 0-0: Ball
1-0: Ball
2-0: Foul Ball, location: 2F
2-1: Foul Ball, location: 2F
2-2: Ball
3-2: Base on Balls
John Willoughby to third
Bryce Abood to second
Batting: LHB Chase Popoff 0-0: Ball
1-0: Ball
2-0: Ball
3-0: Base on Balls
John Willoughby scores
Bryce Abood to third
Scotty Mitchell to second
Batting: RHB Mike Pate 0-0: Called Strike
0-1: Ball
1-1: Swinging Strike
1-2: Ball
2-2: Ball
3-2: SINGLE (Groundball, 34D, EV 106.9 MPH)
Bryce Abood scores
Scotty Mitchell to third
Chase Popoff to second
Scotty Mitchell scores
Chase Popoff to third
Batting: RHB Jeff Quesenberry 0-0: Ball
1-0: Foul Ball, location: 2F
1-1: Swinging Strike
1-2: Strikes out swinging
Top of the 3rd over - 3 runs, 2 hits, 1 error, 2 left on base; Scranton 4 - Alaskan 3
BOTTOM OF THE 3RD
Alaskan Humpbacks batting - Pitching for Scranton Supernovas : RHP Amando Codes
Batting: RHB Kyuso Kouno 0-0: Foul Ball, location: 2F
0-1: Foul Ball, location: 2F
0-2: SINGLE (Groundball, 34, EV 86.9 MPH) (infield hit)
Batting: LHB Felipe Soto 0-0: Ball
1-0: Ball
2-0: Ball
3-0: Called Strike
3-1: Called Strike
3-2: Foul Ball, location: 2F
3-2: Base on Balls
Kyuso Kouno to second
Batting: LHB Roberts Hamhock 0-0: Ball
1-0: Foul Ball, location: 2F
1-1: Fly out, F6 (Popup, 6S, EV 75.6 MPH)
Batting: LHB Shohei Otani 0-0: Ball
1-0: Fly out, F7 (Flyball, 7S, EV 90.0 MPH)
Batting: RHB José Torres 0-0: Ball
1-0: Foul Ball, location: 2F
1-1: Ball
2-1: Fly out, F8 (Flyball, 8LD, EV 101.2 MPH)
Bottom of the 3rd over - 0 runs, 1 hit, 0 errors, 2 left on base; Scranton 4 - Alaskan 3
TOP OF THE 4TH
Scranton Supernovas batting - Pitching for Alaskan Humpbacks : RHP Sasheer Zamata
Batting: LHB Toyokazu Oshima 0-0: Foul Ball, location: 2F
0-1: Called Strike
0-2: Ball
1-2: Foul Ball, location: 2F
1-2: Foul Ball, location: 2F
1-2: Ground out 6-3 (Groundball, 6, EV 87.5 MPH)
Batting: LHB Xuan-ling Liao 0-0: Ball
1-0: Foul Ball, location: 2F
1-1: Ball
2-1: Ball
3-1: Swinging Strike
3-2: Base on Balls
Batting: RHB Juan Tellado 0-0: Ball
1-0: Ball
2-0: Ball
Wild Pitch!
Xuan-ling Liao to second
3-0: Called Strike
3-1: Fly out, F4 (Popup, 34, EV 70.0 MPH)
Pitching: RHP Won-u Yi
Batting: RHB John Willoughby 0-0: Called Strike
0-1: Ball
1-1: Swinging Strike
1-2: Ball
2-2: Fly out, F8 (Line Drive, 8LM, EV 91.9 MPH)
Top of the 4th over - 0 runs, 0 hits, 0 errors, 1 left on base; Scranton 4 - Alaskan 3
BOTTOM OF THE 4TH
Alaskan Humpbacks batting - Pitching for Scranton Supernovas : RHP Amando Codes
Batting: RHB Luke Thornton 0-0: Called Strike
0-1: Ball
1-1: Foul Ball, location: 2F
1-2: Foul Ball, location: 2F
1-2: Ground out 6-3 (Groundball, 6, EV 85.6 MPH)
Batting: LHB Dallas Ihde 0-0: Foul Ball, location: 2F
0-1: Ball
1-1: Foul Ball, location: 2F
1-2: Ball
2-2: Fly out, F7 (Flyball, 78D, EV 96.9 MPH)
Batting: LHB Pat Pending 0-0: Ball
1-0: Foul Ball, location: 2F
1-1: SINGLE (Line Drive, 7LS, EV 93.8 MPH)
Batting: LHB Philip Visscher 0-0: Ball
1-0: Foul Ball, location: 2F
1-1: Ball
2-1: Ball
3-1: Fly out, F7 (Flyball, 78S, EV 82.5 MPH)
Bottom of the 4th over - 0 runs, 1 hit, 0 errors, 1 left on base; Scranton 4 - Alaskan 3
TOP OF THE 5TH
Scranton Supernovas batting - Pitching for Alaskan Humpbacks : RHP Won-u Yi
Batting: LHB Bryce Abood 0-0: Ball
1-0: Foul Ball, location: 2F
1-1: Called Strike
1-2: Strikes out swinging
Batting: LHB Scotty Mitchell 0-0: Ball
1-0: Ball
2-0: Ball
3-0: Called Strike
3-1: Foul Ball, location: 2F
3-2: Base on Balls
Batting: LHB Chase Popoff 0-0: Called Strike
0-1: Ball
1-1: Swinging Strike
1-2: Foul Ball, location: 2F
1-2: Ball
2-2: Ball
3-2: Base on Balls
Scotty Mitchell to second
Batting: RHB Mike Pate 0-0: Ball
1-0: Ball
2-0: Called Strike
2-1: Foul Ball, location: 2F
2-2: DOUBLE (Line Drive, 78D, EV 105.0 MPH)
Scotty Mitchell scores
Chase Popoff to third
Batting: RHB Jeff Quesenberry 0-0: Foul Ball, location: 2F
0-1: Foul Ball, location: 2F
0-2: Fly out, F9 (Flyball, 89D, EV 98.1 MPH)
Runner from 3rd tags up, SCORES, throw by RF
Mike Pate to third
Batting: LHB Toyokazu Oshima 0-0: Ball
1-0: Swinging Strike
1-1: Foul Ball, location: 2F
1-2: Ball
2-2: Ball
3-2: Foul Ball, location: 2F
3-2: Fly out, F7 (Flyball, 7S, EV 84.4 MPH)
Top of the 5th over - 2 runs, 1 hit, 0 errors, 1 left on base; Scranton 6 - Alaskan 3
BOTTOM OF THE 5TH
Alaskan Humpbacks batting - Pitching for Scranton Supernovas : RHP Amando Codes
Batting: RHB Kyuso Kouno 0-0: Fly out, F8 (Flyball, 8RD, EV 86.9 MPH)
Batting: LHB Felipe Soto 0-0: Called Strike
0-1: Swinging Strike
0-2: Ball
1-2: Ball
2-2: Ball
3-2: Fly out, F5 (Popup, 5S, EV 77.5 MPH)
Batting: LHB Roberts Hamhock 0-0: Ball
1-0: Swinging Strike
1-1: Swinging Strike
1-2: Foul Ball, location: 2F
1-2: Ball
2-2: Foul Ball, location: 2F
2-2: Ball
3-2: Foul Ball, location: 2F
3-2: Fly out, F8 (Flyball, 89S, EV 92.5 MPH)
Bottom of the 5th over - 0 runs, 0 hits, 0 errors, 0 left on base; Scranton 6 - Alaskan 3
TOP OF THE 6TH
Scranton Supernovas batting - Pitching for Alaskan Humpbacks : RHP Won-u Yi
Batting: LHB Xuan-ling Liao 0-0: Ball
1-0: Swinging Strike
1-1: Called Strike
1-2: Ball
2-2: Foul Ball, location: 2F
2-2: Strikes out swinging
Pitching: LHP Min-chin Kim
Batting: RHB Juan Tellado 0-0: Ball
1-0: SINGLE (Line Drive, 89M, EV 111.2 MPH)
Batting: RHB John Willoughby 0-0: Ball
1-0: Fly out, F8 (Line Drive, 8RM, EV 102.5 MPH)
Batting: LHB Bryce Abood 0-0: Ball
1-0: Ball
2-0: Foul Ball, location: 2F
2-1: Swinging Strike
2-2: Foul Ball, location: 2F
2-2: Ball
3-2: Foul Ball, location: 2F
3-2: Strikes out swinging
Top of the 6th over - 0 runs, 1 hit, 0 errors, 1 left on base; Scranton 6 - Alaskan 3
BOTTOM OF THE 6TH
Alaskan Humpbacks batting - Pitching for Scranton Supernovas : RHP Amando Codes
Batting: LHB Shohei Otani 0-0: Ball
1-0: Ball
2-0: Called Strike
2-1: SOLO HOME RUN (Line Drive, 9LD, EV 108.8 MPH), Distance : 353 ft
Pitching: RHP Malulani Anakone
Batting: RHB José Torres 0-0: Ball
1-0: Ball
2-0: Fly out, F7 (Line Drive, 7D, EV 91.9 MPH)
Batting: RHB Luke Thornton 0-0: Ball
1-0: Swinging Strike
1-1: Ball
2-1: Fly out, F6 (Popup, 6D, EV 43.8 MPH)
Batting: LHB Dallas Ihde 0-0: Ball
1-0: Foul Ball, location: 2F
1-1: Foul Ball, location: 2F
1-2: Strikes out swinging
Bottom of the 6th over - 1 run, 1 hit, 0 errors, 0 left on base; Scranton 6 - Alaskan 4
TOP OF THE 7TH
Scranton Supernovas batting - Pitching for Alaskan Humpbacks : LHP Min-chin Kim
Batting: LHB Scotty Mitchell 0-0: Called Strike
0-1: SINGLE (Line Drive, 56D, EV 104.4 MPH)
Batting: LHB Chase Popoff 0-0: Called Strike
0-1: Foul Ball, location: 2F
0-2: Foul Ball, location: 2F
0-2: Ball
1-2: Strikes out swinging
Batting: RHB Mike Pate 0-0: Ball
1-0: SINGLE (Line Drive, 3D, EV 96.9 MPH)
Scotty Mitchell to second
Runner from 2nd tries for 3rd, SAFE, throw by RF made to third
Batting: RHB Jeff Quesenberry 0-0: Ground out 6-3 (Groundball, 56, EV 90.6 MPH)
Scotty Mitchell scores
Mike Pate to second
Batting: LHB Toyokazu Oshima 0-0: Ball
1-0: Called Strike
1-1: Swinging Strike
1-2: SINGLE (Line Drive, 7, EV 98.8 MPH)
Mike Pate to third
Runner from 3rd tries for Home, SAFE, no throw by LF
Batting: LHB Xuan-ling Liao 0-0: Ball
1-0: Swinging Strike
1-1: Swinging Strike
1-2: Strikes out swinging
Top of the 7th over - 2 runs, 3 hits, 0 errors, 1 left on base; Scranton 8 - Alaskan 4
BOTTOM OF THE 7TH
Alaskan Humpbacks batting - Pitching for Scranton Supernovas : RHP Malulani Anakone
Batting: LHB Pat Pending 0-0: Called Strike
0-1: Ball
1-1: Ball
2-1: Ball
3-1: Fly out, F9 (Line Drive, 9, EV 99.4 MPH)
Batting: LHB Philip Visscher 0-0: Ball
1-0: Ball
2-0: Called Strike
2-1: Foul Ball, location: 2F
2-2: Foul Ball, location: 2F
2-2: Strikes out swinging
Batting: RHB Kyuso Kouno 0-0: Ball
1-0: Called Strike
1-1: Swinging Strike
1-2: Strikes out looking
Bottom of the 7th over - 0 runs, 0 hits, 0 errors, 0 left on base; Scranton 8 - Alaskan 4
TOP OF THE 8TH
Scranton Supernovas batting - Pitching for Alaskan Humpbacks : LHP Min-chin Kim
Batting: RHB Juan Tellado 0-0: Ball
1-0: Ground out 5-3 (Groundball, 56, EV 101.2 MPH)
Batting: RHB John Willoughby 0-0: Ball
1-0: Ball
2-0: Called Strike
2-1: Ball
3-1: Called Strike
3-2: Base on Balls
Pitching: RHP Roger Taylor
Batting: LHB Bryce Abood 0-0: Swinging Strike
0-1: Ball
1-1: Ground out 6-3 (Groundball, 6M, EV 86.9 MPH)
John Willoughby to second
Batting: LHB Scotty Mitchell 0-0: Foul Ball, location: 2F
0-1: Fly out, F7 (Flyball, 7S, EV 91.2 MPH)
Top of the 8th over - 0 runs, 0 hits, 0 errors, 1 left on base; Scranton 8 - Alaskan 4
BOTTOM OF THE 8TH
Alaskan Humpbacks batting - Pitching for Scranton Supernovas : RHP Malulani Anakone
Batting: LHB Felipe Soto 0-0: Foul Ball, location: 2F
0-1: Swinging Strike
0-2: Ball
1-2: Ground out 4-3 (Groundball, 4, EV 78.8 MPH)
Batting: LHB Roberts Hamhock 0-0: Ball
1-0: Ball
2-0: Ball
3-0: Base on Balls
Pitching: RHP Félix Aluonado
Batting: LHB Shohei Otani 0-0: Ball
1-0: Called Strike
1-1: Ball
2-1: Ball
3-1: Called Strike
3-2: Base on Balls
Roberts Hamhock to second
Batting: RHB José Torres 0-0: Called Strike
0-1: Ball
1-1: Called Strike
1-2: Foul Ball, location: 2F
1-2: Ball
2-2: Ball
3-2: Foul Ball, location: 2F
3-2: Foul Ball, location: 2F
3-2: Foul Ball, location: 2F
3-2: Foul Ball, location: 2F
3-2: Base on Balls
Roberts Hamhock to third
Shohei Otani to second
Batting: RHB Luke Thornton 0-0: Ball
1-0: Ball
2-0: Called Strike
2-1: Fly out, F8 (Flyball, 8RS, EV 78.1 MPH)
Batting: LHB Dallas Ihde 0-0: Ball
1-0: Called Strike
1-1: Called Strike
1-2: Ball
2-2: Ball
3-2: Ground out 4-3 (Groundball, 34, EV 79.4 MPH)
Bottom of the 8th over - 0 runs, 0 hits, 0 errors, 3 left on base; Scranton 8 - Alaskan 4
TOP OF THE 9TH
Scranton Supernovas batting - Pitching for Alaskan Humpbacks : RHP Roger Taylor
Batting: LHB Chase Popoff 0-0: Called Strike
0-1: Ball
1-1: Swinging Strike
1-2: Foul Ball, location: 2F
1-2: Ball
2-2: Strikes out swinging
Batting: RHB Mike Pate 0-0: Called Strike
0-1: Swinging Strike
0-2: Strikes out swinging
Batting: RHB Jeff Quesenberry 0-0: Called Strike
0-1: Ball
1-1: Ball
2-1: Ball
3-1: Base on Balls
Batting: LHB Toyokazu Oshima 0-0: Called Strike
Jeff Quesenberry steals 2nd base
0-1: Ball
1-1: Fly out, F9 (Flyball, 9S, EV 75.0 MPH)
Top of the 9th over - 0 runs, 0 hits, 0 errors, 1 left on base; Scranton 8 - Alaskan 4
BOTTOM OF THE 9TH
Alaskan Humpbacks batting - Pitching for Scranton Supernovas : RHP Félix Aluonado
Batting: LHB Pat Pending 0-0: Called Strike
0-1: Ball
1-1: Foul Ball, location: 2F
1-2: Foul Ball, location: 2F
1-2: Fly out, F8 (Flyball, 8LXD, EV 92.5 MPH)
Batting: LHB Philip Visscher 0-0: Called Strike
0-1: Ball
1-1: Ball
2-1: Foul Ball, location: 2F
2-2: Foul Ball, location: 2F
2-2: Foul Ball, location: 2F
2-2: Strikes out looking
Batting: RHB Kyuso Kouno 0-0: Called Strike
0-1: Ball
1-1: Foul Ball, location: 2F
1-2: Ball
2-2: Foul Ball, location: 2F
2-2: Strikes out swinging
Bottom of the 9th over - 0 runs, 0 hits, 0 errors, 0 left on base; Scranton 8 - Alaskan 4
Thursday, January 23rd, 2020 - OOTP Baseball 20.8 Build 74